 Dungeon Crawl Stone Soup version 0.27-a0-797-g27d10ad80f (webtiles) character file.

Game seed: 14574874108925146754

74 Hasart the Sneak (level 4, -3/27 HPs)
             Began as a Kobold Brigand on Mar 27, 2021.
             Slain by Natasha (9 damage)
             ... on level 2 of the Dungeon.
             The game lasted 00:03:12 (2067 turns).

Hasart the Sneak (Kobold Brigand)                   Turns: 2067, Time: 00:03:12

Health: -3/27      AC:  3    Str:  8    XL:     4   Next: 54%
Magic:  4/4        EV: 15    Int: 12    God:
Gold:   64         SH:  5    Dex: 17    Spells: 3/3 levels left

rFire    . . .     SeeInvis .   a - +2 dagger
rCold    . . .     Faith    .   (shield restricted)
rNeg     . . .     Spirit   .   b - +0 robe
rPois    .         Reflect  +   (no helmet)
rElec    .         Harm     .   c - +0 cloak
rCorr    .         Rampage  .   (no gloves)
Will     .....                  (no boots)
Stlth    ++++......             m - amulet of reflection
HPRegen  0.09/turn              (no ring)
MPRegen  0.09/turn              (no ring)

@: slowed, very slow
A: small, no large weapons, nightstalker 3
a: no special abilities


You were on level 2 of the Dungeon.
You visited 1 branch of the dungeon, and saw 2 of its levels.

You collected 64 gold pieces.

Inventory:

Hand Weapons
 a - a +2 dagger (weapon)
Armour
 b - a +0 robe (worn)
 c - a +0 cloak (worn)
Jewellery
 m - an amulet of reflection (around neck)
Scrolls
 g - 2 scrolls of identify {unknown}
 h - a scroll of noise {unknown}
 i - a scroll of teleportation {unknown}
 l - a scroll of fear {unknown}
Potions
 f - a potion of mutation {unknown}
 j - a potion of heal wounds {unknown}
 k - 2 potions of invisibility {unknown}


   Skills:
 + Level 2.7 Fighting
 * Level 4.1 Short Blades
 + Level 2.8 Throwing
 + Level 2.1 Dodging
 + Level 5.7 Stealth


You had 3 spell levels left.
You didn't know any spells.
Your spell library was empty.

Dungeon Overview and Level Annotations

Branches:
Dungeon (2/15)

Altars:
Nemelex Xobeh
Yredelemnul

Annotations:
D:2 Natasha


Innate Abilities, Weirdness & Mutations

You are small and have problems with some larger weapons.
You are completely attuned to the shadows.


Message History

Press: ? - help, Q - select action Shift-Dir - straight line, f/p - Natasha
Aim: Natasha (55% to hit)
You throw a poisoned dart.
The poisoned dart closely misses Natasha.
Natasha barely misses you.
Throw: 2 darts (poison)
Press: ? - help, Q - select action Shift-Dir - straight line, f/p - Natasha
Aim: Natasha (55% to hit)
You throw a poisoned dart.
The poisoned dart barely misses Natasha.
Natasha casts a spell at you.
You feel yourself slow down.
Throw: dart (poison)
Press: ? - help, Q - select action Shift-Dir - straight line, f/p - Natasha
Aim: Natasha (55% to hit)
You throw a poisoned dart.
The poisoned dart closely misses Natasha.
Natasha closely misses you.
You closely miss Natasha. Natasha misses you.
Unknown command.
You barely miss Natasha.
Natasha stares at you and mumbles some strange words.
You resist with some effort.
You hit Natasha but do no damage. You block Natasha's attack.
Natasha claws you!
You closely miss Natasha. Natasha barely misses you.
You hit Natasha.
Natasha is lightly wounded.
Natasha claws you.
* * * LOW HITPOINT WARNING * * *
You hit Natasha.
Natasha is lightly wounded.
Natasha closely misses you.
You hit Natasha but do no damage.
Natasha is lightly wounded.
Natasha casts a spell.
You closely miss Natasha.
Natasha is lightly wounded.
You block Natasha's attack. Natasha claws you!
You die...

#.....# #.#...#######...# ###
#.....#
#^###.....##...######[.
#.....# #.#
#####.....#....<..#
#.....###.# ##......######.
#......##.. #.(.#.### #.
#......# ##.(...# #.
#......###.## ##...#..## .
#...........###h5.##...###
#...⌠.⌠#....#(@†.####.....
#...._..#....(.### #..###.###
####⌠.⌠.........####..###.#..
##....#÷.##........##....
####.##..#.#####..##..#
#.##....# #......####
#.##...## #..........
#.##...## #..###.####
#.......# #...# #..###


You could see Natasha and a crimson imp (summoned).

Vanquished Creatures
  Natasha (D:2)
  A dart slug (D:1)
  5 orcs (D:2)
  3 endoplasms
  2 giant cockroaches (D:1)
  5 goblins
  5 hobgoblins
  3 quokkas
  6 bats
  2 frilled lizards
  3 kobolds (D:2)
  4 rats (D:1)
40 creatures vanquished.

Notes
Turn   | Place    | Note
-------+----------+-------------------------------------------
     0 | D:1      | Hasart the Kobold Brigand began the quest for the Orb.
     0 | D:1      | Reached XP level 1. HP: 12/12 MP: 1/1
   349 | D:1      | Reached XP level 2. HP: 5/17 MP: 2/2
   842 | D:1      | Reached XP level 3. HP: 19/22 MP: 3/3
  1359 | D:2      | Found a basalt altar of Yredelemnul.
  1757 | D:2      | Found a sparkling altar of Nemelex Xobeh.
  1922 | D:2      | Noticed Natasha
  1930 | D:2      | Killed Natasha
  1931 | D:2      | Reached XP level 4. HP: 10/27 MP: 4/4
  2053 | D:2      | Noticed Natasha
  2067 | D:2      | Slain by Natasha

Illustrated notes

Levels and vault maps discovered:
D:1:      nicolae_arrival_memento_mori, layout_loops_cross
D:2:      layout_rooms, general_overflow_altar, lemuel_doored_altar,
          nemelex_xobeh_ov_fountains_minmay, uniq_natasha

Skill      XL: |  1  2  3 |
---------------+----------+-----
Short Blades   | 3 4 |  4.1
Dodging        | 2 |  2.1
Fighting       | |  2.7
Throwing       | |  2.8
Stealth        | |  5.7

Action                   |  1- 3 |  4- 6 || total
-------------------------+-------+-------++-------
Melee: Dagger            |   104 |    16 ||   120
Throw: Dart              |     1 |    10 ||    11
 Stab: Sleeping          |    19 |       ||    19
Armor: Robe              |    14 |     1 ||    15
Dodge: Dodged            |    45 |     9 ||    54
Block: Other             |     1 |     4 ||     5

Table legend: (Time is in decaauts)
 A = Elapsed time spent in this place.
 B = Non-inter-level travel time spent in this place.
 C = Inter-level travel time spent in this place.
 D = Time resting spent in this place.
 E = Time spent auto-exploring this place.
 F = Levels seen in this place.
 G = Mean time per level.
                   A        B        C        D        E       F      G
               +--------+--------+--------+--------+--------+-----+--------+
         Total |   2047 |   2044 |      3 |      0 |   1749 |   2 | 1023.5 |
       Dungeon |   2047 |   2044 |      3 |      0 |   1749 |   2 | 1023.5 |
               +--------+--------+--------+--------+--------+-----+--------+

Top non-repeatable levels by time:
     D:1: 1332 daAuts
     D:2: 714 daAuts
